Map: King Sejong Station LE

Players

Miszu

  • Race: Protoss Protoss
  • League: Master

Sammy - Winner!

  • Race: Zerg Zerg
  • League: Master

VOD

Have the link to the VOD?

Description

Time

  • Played on: June 29, 2016, 4:19 p.m.
  • Length: 8:15
Show
View Real Time Build Order
Export as new Build Order

Miszu Protoss 

Build Orders: 1 Gate Expand 

Get SALT Encoding   

  12  0:01  Probe (Chrono Boost)  
  13  0:11  Probe (Chrono Boost)  
  14  0:17  Pylon  
  14  0:22  Probe (Chrono Boost)  
  15  0:35  Probe (Chrono Boost)  
  16  0:36  Gateway  
  16  0:45  Probe (Chrono Boost)  
  16  0:47  Assimilator  
  17  0:56  Probe (Chrono Boost)  
  18  1:07  Probe (Chrono Boost)  
  19  1:21  Nexus  
  19  1:30  Cybernetics Core  
  20  1:33  Probe (Chrono Boost)  
  20  1:41  Assimilator  
  20  1:43  Probe (Chrono Boost)  
  21  1:54  Pylon  
  21  1:56  Probe (Chrono Boost)  
  22  2:06  Probe (Chrono Boost)  
  23  2:09  Warp Gate  
  23  2:12  Adept (Chrono Boost)  
  25  2:18  Probe  
  26  2:30  Probe  
  26  2:36  Adept (Chrono Boost)  
  30  2:37  Mothership Core  
  30  2:42  Probe  
  32  2:49  Gateway  
  32  2:51  Gateway  
  32  2:54  Pylon  
  32  2:56  Probe  
  32  2:57  Probe  
  33  3:04  Adept (Chrono Boost)  
  36  3:08  Probe  
  37  3:13  Probe  
  38  3:23  Stargate  
  38  3:24  Stargate  
  38  3:28  Probe  
  39  3:37  Probe  
  40  3:44  Assimilator x2  
  40  3:48  Pylon  
  40  3:49  Probe  
  40  3:51  Probe  
  42  4:01  Probe x2  
  40  4:13  Probe x2, Phoenix x2 (Chrono Boost)  
  46  4:25  Probe  
  46  4:26  Adept, Probe  
  46  4:27  Adept x2  
  54  4:33  Pylon  
  54  4:38  Probe x2  
  56  4:42  Phoenix x2 (Chrono Boost)  
  60  4:50  Probe x2  
  62  5:03  Phoenix (Chrono Boost), Pylon, Probe x2  
  62  5:04  Phoenix (Chrono Boost)  
  68  5:15  Probe  
  68  5:16  Probe  
  68  5:19  Pylon  
  70  5:25  Phoenix x2 (Chrono Boost)  
  70  5:27  Probe  
  75  5:29  Probe  
  77  5:47  Phoenix x2 (Chrono Boost)  
  79  6:08  Nexus  
  79  6:09  Pylon x2  
  79  6:14  Pylon  
  79  6:28  Adept x3  
  85  6:43  Probe x2  
  76  6:54  Adept x2  
  78  7:09  Pylon, Probe  
  78  7:14  Adept, Pylon  
  75  7:17  Adept  
  75  7:22  Sentry  
  72  7:31  Pylon  
  72  7:36  Adept  
  62  7:44  Probe  
  62  7:47  Adept x2  
Show
View Real Time Build Order
Export as new Build Order

Sammy Zerg - Winner!

Build Orders: Hatch First 

Get SALT Encoding   

  12  0:02  Drone  
  13  0:12  Overlord  
  13  0:18  Drone  
  14  0:30  Drone x2  
  16  0:36  Drone  
  17  0:52  Hatchery  
  17  0:54  Drone  
  17  0:58  Drone  
  18  1:08  Extractor  
  17  1:13  Spawning Pool  
  17  1:16  Drone  
  17  1:19  Drone  
  18  1:30  Drone  
  19  1:39  Overlord  
  19  2:00  Zergling x2, Queen  
  23  2:01  Zergling x2  
  23  2:03  Queen  
  23  2:04  Drone  
  26  2:09  Metabolic Boost  
  26  2:15  Drone  
  27  2:21  Drone  
  28  2:25  Drone  
  29  2:35  Hatchery  
  28  2:37  Drone  
  28  2:39  Drone  
  30  2:47  Drone  
  30  2:49  Queen  
  33  2:53  Overlord  
  34  2:58  Drone  
  34  3:03  Drone x2  
  36  3:11  Queen  
  38  3:17  Overlord  
  38  3:18  Zergling x4  
  40  3:20  Zergling x4  
  40  3:24  Drone x2  
  44  3:44  Overlord  
  44  3:49  Extractor, Evolution Chamber  
  44  3:51  Extractor, Drone x3  
  44  3:52  Drone x3, Evolution Chamber  
  46  3:56  Drone x2  
  46  3:57  Drone x2  
  46  4:02  Drone  
  51  4:04  Drone x2  
  52  4:13  Drone  
  53  4:20  Zerg Ground Armor Level 1  
  53  4:23  Drone x2  
  53  4:24  Drone  
  56  4:27  Overlord  
  56  4:31  Zerg Melee Weapons Level 1  
  56  4:33  Drone  
  56  4:34  Drone x2  
  59  4:39  Overlord  
  59  4:40  Drone x2  
  61  4:45  Drone  
  61  4:46  Drone  
  62  4:54  Hatchery  
  61  5:00  Lair  
  61  5:01  Drone  
  61  5:02  Drone  
  61  5:03  Drone x2  
  61  5:04  Drone  
  66  5:07  Zergling x4  
  66  5:08  Zergling x2  
  66  5:10  Zergling x4  
  71  5:14  Spore Crawler  
  71  5:16  Spore Crawler  
  71  5:18  Spore Crawler  
  68  5:23  Overlord  
  68  5:24  Overlord x2  
  68  5:28  Overlord  
  68  5:35  Spore Crawler  
  64  5:36  Zergling x4  
  65  5:43  Zergling x18  
  74  5:54  Zergling x10  
  73  6:02  Zergling x2  
  73  6:03  Zergling x6  
  75  6:10  Queen  
  76  6:19  Zergling x2  
  76  6:20  Zergling x18  
  86  6:30  Infestation Pit, Zergling x8  
  86  6:31  Zergling x2  
  88  6:40  Zergling x6  
  88  6:41  Zergling x8  
  87  6:52  Queen  
  87  6:53  Spore Crawler  
  82  6:59  Drone x3  
  82  7:00  Drone x5  
  86  7:09  Overlord  
  86  7:14  Overlord  
  83  7:16  Overlord x2  
  83  7:17  Overlord  
  83  7:22  Overlord  
  82  7:28  Overlord x2  
  78  7:35  Zergling x2  
  78  7:36  Zergling x22  
  84  7:43  Zergling x10  
  82  7:52  Zergling x6  
  82  7:53  Zergling x2  
Tags
 
Add a new tag
Caveats
  • Supply blocks, unpowered buildings, or Contaminate may cause inaccurate times.
  • Supply counts are checked every 10 seconds.